 Dungeon Crawl Stone Soup version 0.22-a0-305-gd21a89c (webtiles) character file.

19200 Amnesiac the Prestidigitator (level 12, -7/64 HPs)
             Began as a Spriggan Gladiator on Mar 31, 2018.
             Was a High Priest of Okawaru.
             Killed from afar by an orc sorcerer (35 damage)
             ... with a bolt of fire
             ... on level 2 of the Orcish Mines.
             The game lasted 00:29:31 (15783 turns).

Amnesiac the Prestidigitator (Spriggan Gladiator)  Turns: 15783, Time: 00:29:31

Health: -7/64      AC:  8    Str: 14    XL:     12   Next: 34%
Magic:  19/19      EV: 24    Int: 10    God:    Okawaru [*****.]
Gold:   1072       SH:  8    Dex: 18    Spells: 8/11 levels left

rFire    . . .     SeeInvis +   a - +4 dagger (drain)
rCold    . . .     Gourm    .   H - +0 buckler
rNeg     . . .     Faith    .   U - +2 robe {Archmagi}
rPois    .         Spirit   .   c - +1 hat
rElec    .         Reflect  .   p - +2 cloak {MR+}
rCorr    .         Harm     .   (gloves unavailable)
MR       +++..                  (boots unavailable)
Stlth    ++++......             m - amulet of the acrobat
HPRegen  0.20/turn              (no ring)
MPRegen  0.16/turn              (no ring)

@: very quick
A: very small, unfitting armour, see invisible, herbivore, speed 3, slow
metabolism 2
a: Heroism, Finesse, Renounce Religion


You were on level 2 of the Orcish Mines.
You worshipped Okawaru.
Okawaru was extremely pleased with you.
You were not hungry.

You visited 3 branches of the dungeon, and saw 12 of its levels.

You collected 1147 gold pieces.
You spent 75 gold pieces at shops.

Inventory:

Hand Weapons
 a - a +4 dagger of draining (weapon)
 b - a +0 fustibalus
 N - a +2 scimitar of flaming
 W - a +2 short sword of electrocution
Missiles
 d - 5 throwing nets
 h - 4 exploding tomahawks
 j - 168 stones
 q - 7 steel tomahawks
 r - 18 poisoned needles
 w - 25 sling bullets
 y - 5 poisoned tomahawks (quivered)
 I - 6 needles of confusion
 K - 40 tomahawks
 P - 5 needles of paralysis
 R - 8 needles of sleeping
Armour
 c - a +1 hat (worn)
 p - a +2 cloak of magic resistance (worn)
 H - a +0 buckler (worn)
 U - a +2 robe of the Archmagi (worn)
Jewellery
 m - an amulet of the acrobat (around neck)
 x - a +2 amulet of reflection
 F - an uncursed ring of teleportation
Wands
 n - a wand of iceblast (11)
 Q - a wand of random effects (40)
Scrolls
 g - 8 scrolls of remove curse {!r}
 s - 3 scrolls of magic mapping {!r}
 B - 4 scrolls of identify {!r}
 C - 3 scrolls of blinking {!r}
 E - 5 scrolls of teleportation {!r}
 G - a scroll of vulnerability {!r, unknown}
 M - a scroll of torment {!r, unknown}
 S - a scroll of enchant weapon {!r}
 V - a scroll of amnesia {!r}
Potions
 e - 3 potions of haste {!q}
 k - 2 potions of might {!q}
 o - a potion of flight {!q}
 t - 2 potions of curing {!q}
 u - a potion of berserk rage {!q}
 v - 2 potions of lignification {!q}
 z - 2 potions of heal wounds {!q}
 A - a potion of mutation {!q}
 D - 3 potions of brilliance {!q}
 J - a potion of cancellation {!q}
 L - a potion of ambrosia {!q, unknown}
 O - 2 potions of agility {!q}
 T - a potion of degeneration {!q, unknown}
Comestibles
 f - 5 rations


   Skills:
 - Level 8.0 Fighting
 - Level 8.0 Short Blades
 - Level 8.0 Throwing
 - Level 8.0 Dodging
 - Level 8.0 Stealth
 - Level 7.2 Shields
 * Level 7.3 Invocations
 - Level 9.0 Evocations


You had 8 spell levels left.
You knew the following spells:

 Your Spells              Type           Power        Failure   Level  Hunger
s - Conjure Flame         Conj/Fire      #.......     75%         3    ####...


Dungeon Overview and Level Annotations

Branches:
Dungeon (9/15)             Temple (1/1) D:4            Lair (0/6) D:9
    Orc (2/2) D:9             Elf (0/3) Orc:2

Altars:
Ashenzari
Cheibriados
Dithmenos
Elyvilon
Fedhas
Gozag
Hepliaklqana
Kikubaaqudgha
Makhleb
Nemelex Xobeh
Okawaru
Qazlal
Ru
Sif Muna
Trog
Uskayaw
Vehumet
Wu Jian
Xom
Yredelemnul
Zin
The Shining One
Beogh

Shops:
D:8 :   Orc:2 **


Innate Abilities, Weirdness & Mutations

You are very small and have problems with some larger weapons.
You are too small for most types of armour.
You have supernaturally acute eyesight. (SInv)
You are a herbivore.
You cover ground extremely quickly.
You need to consume almost no food.


Message History

The orc high priest is severely wounded.
You hear a shout!
The sixfirhy misses you. The sixfirhy hits you. The sixfirhy shocks you!
The orc high priest calls down the wrath of Beogh upon you.
Beogh smites you!
* * * LOW HITPOINT WARNING * * *
You block the sixfirhy's attack.
You hear a shout! x2
You hit the orc high priest. You drain the orc high priest!
The orc high priest is almost dead.
You block the sixfirhy's attack. The sixfirhy completely misses you.
You hit the orc high priest.
You kill the orc high priest!
Okawaru accepts your kill. Something appears at your feet!
Okawaru grants you ammunition!
The sixfirhy disappears in a puff of smoke!
Your Invocations skill increases to level 7!
Unknown command.
I - 6 needles of confusion (gained 4)
You start resting.
An orc sorcerer comes into view. It is wielding a dagger.
Evoke which item? (* to show all) (? for menu, Esc to quit)
Aiming: Paralyse
Press: ? - help, Shift-Dir - straight line, f - orc sorcerer
Aim: an orc sorcerer, wielding a dagger and wearing a robe (chance to defeat MR: 53%)
The orc sorcerer resists with significant effort.
The orc sorcerer casts a spell at you. The bolt of negative energy misses you.
Evoke which item? (* to show all) (? for menu, Esc to quit)
Aiming: Paralyse
Press: ? - help, Shift-Dir - straight line, f/p - orc sorcerer
Aim: an orc sorcerer, wielding a dagger and wearing a robe (chance to defeat MR: 53%)
The orc sorcerer resists with significant effort.
The now-empty wand crumbles to dust.
The orc sorcerer gestures at you while chanting.
The bolt of negative energy misses you.
Evoke which item? (* to show all) (? for menu, Esc to quit)
Aiming: Corrosive Bolt
Press: ? - help, Shift-Dir - straight line, f/p - orc sorcerer
Aim: an orc sorcerer, wielding a dagger and wearing a robe The bolt of acid misses the orc sorcerer.
You hear a shout! x2
The orc sorcerer points at you and mumbles some strange words.
You resist with almost no effort.
You hear a shout! x2
Evoke which item? (* to show all) (? for menu, Esc to quit)
Aiming: Corrosive Bolt
Press: ? - help, Shift-Dir - straight line, f/p - orc sorcerer
Aim: an orc sorcerer, wielding a dagger and wearing a robe The bolt of acid hits the orc sorcerer.
The orc sorcerer is splashed with acid.
The orc sorcerer is heavily wounded.
The now-empty wand crumbles to dust.
You hear a shout! x3
You block the orc sorcerer's attack.
You hear a shout!
You hit the orc sorcerer but do no damage.
You drain the orc sorcerer!
The orc sorcerer is heavily wounded.
You hear a shout!
The orc sorcerer points at you and mumbles some strange words.
The bolt of fire hits you!
Ouch! That really hurt!
You die...

##∩.#.....## ##...
#.....#..## ##.. ##∩.#.....##
.o ##... ##...#....## #o#
##.... ##.[..#...## #o..
##..... ##.)[.....##
#...###...... ##.[###.).##
#oo.# #.......
##)[###..[###...# #.#.#.#.
##[[###..@#...# ##.##....
##..###.#o#.# #...#....
##..###...# ##.###...
##..###.## ######.. ##..####
#####..##...
#####..######.##........
#####..##.^.#......#......#.
##.##.....)))))...........###
#..........))......###...##.#


You could see an orc sorcerer.

Vanquished Creatures
  A stone giant (Orc:1)
  2 two-headed ogres (D:8)
  Erica (D:8)
  The ghost of Shiggs the Frost Mage, a novice OgIE of Okawaru (D:8)
  4 orc high priests
  A sixfirhy (Orc:2)
  Pikel (D:5)
  2 orc knights (Orc:2)
  An orc sorcerer (Orc:2)
  Grinder (D:6)
  Prince Ribbit (D:5)
  2 wyverns (D:9)
  The ghost of Borgoz the Skirmisher, an amateur HOAK of Lugonu (D:4)
  A human (D:8)
  A neqoxec (Orc:2)
  4 hogs (D:8)
  A chaos spawn (Orc:2)
  2 hungry ghosts (D:9)
  Edmund (D:6)
  5 wargs (Orc:1)
  2 ice beasts
  2 sky beasts
  28 orc warriors
  2 slaves (D:5)
  A black bear (D:6)
  An eye of draining (D:9)
  6 ogres
  3 phantoms
  2 centaurs
  A crocodile (D:9)
  A big kobold (D:9)
  6 bullfrogs
  Blork the orc (D:5)
  A gnoll sergeant (D:6)
  5 scorpions
  A water moccasin skeleton (D:6)
  14 killer bees
  2 troll zombies (D:9)
  5 howler monkeys
  A crimson imp (D:9)
  2 bullfrog zombies
  A quasit (D:6)
  A bullfrog skeleton (D:9)
  28 orc priests
  12 orc wizards
  Crazy Yiuf (D:2)
  2 jellies (D:8)
  A centaur skeleton (D:3)
  3 hounds
  11 worker ants
  3 iguanas
  6 ogre zombies (D:9)
  A hound skeleton (D:9)
  Robin (D:2)
  10 gnolls
  A howler monkey skeleton (D:4)
  7 adders
  A shadow imp (D:9)
  An ooze (D:4)
  An adder zombie (D:5)
  An adder skeleton (D:5)
  6 worms
  3 leopard geckos
  94 orcs
  2 ball pythons
  8 giant cockroaches
  16 goblins
  9 hobgoblins
  10 jackals
  6 quokkas
  A ball python skeleton (D:4)
  7 bats
  8 frilled lizards
  2 goblin skeletons (D:9)
  2 hobgoblin skeletons (D:9)
  2 hobgoblin zombies (D:9)
  4 kobolds
  A leopard gecko skeleton (D:6)
  An orc skeleton (D:9)
  18 orc zombies (D:9)
  7 rats
421 creatures vanquished.

Notes
Turn   | Place    | Note
-------+----------+-------------------------------------------
     0 | D:1      | Amnesiac the Spriggan Gladiator began the quest for the Orb.
     0 | D:1      | Reached XP level 1. HP: 10/10 MP: 2/2
   443 | D:1      | Reached XP level 2. HP: 10/14 MP: 3/3
  1499 | D:2      | Reached skill level 1 in Stealth
  1499 | D:2      | Reached XP level 3. HP: 7/18 MP: 4/4
  1870 | D:2      | Noticed Robin
  1899 | D:2      | Killed Robin
  1933 | D:2      | Reached XP level 4. HP: 7/22 MP: 5/5
  2015 | D:2      | Found a runed door.
  2426 | D:2      | Noticed Crazy Yiuf
  2431 | D:2      | Killed Crazy Yiuf
  2431 | D:2      | Reached skill level 5 in Dodging
  2494 | D:3      | Found a stormy altar of Qazlal.
  2528 | D:3      | Reached skill level 1 in Evocations
  2528 | D:3      | Reached XP level 5. HP: 10/25 MP: 6/6
  3600 | D:3      | Reached skill level 5 in Stealth
  3600 | D:3      | Reached XP level 6. HP: 23/30 MP: 8/8
  3600 | D:3      | Reached skill level 2 in Evocations
  3611 | D:3      | Reached skill level 5 in Short Blades
  3870 | D:4      | Noticed Borgoz's ghost (amateur HOAK)
  3879 | D:4      | Killed Borgoz's ghost
  3879 | D:4      | Reached XP level 7. HP: 33/33 MP: 8/10
  3881 | D:4      | Found a staircase to the Ecumenical Temple.
  3890 | Temple   | Entered the Ecumenical Temple
  3988 | D:4      | Reached skill level 3 in Evocations
  4776 | D:5      | Entered Level 5 of the Dungeon
  4776 | D:5      | Noticed Prince Ribbit
  4807 | D:5      | Killed Prince Ribbit
  4807 | D:5      | Reached skill level 4 in Evocations
  4807 | D:5      | Reached XP level 8. HP: 31/37 MP: 10/12
  4986 | D:5      | Found a sacrificial altar of Ru.
  5153 | D:5      | Found a hide-covered altar of Uskayaw.
  5332 | D:5      | Noticed Pikel
  5352 | D:5      | Killed Pikel
  5352 | D:5      | Reached skill level 5 in Evocations
  5359 | D:5      | Reached skill level 5 in Throwing
  5576 | D:5      | Noticed Blork the orc
  5583 | D:5      | Killed Blork the orc
  5583 | D:5      | Reached XP level 9. HP: 41/41 MP: 14/14
  5791 | D:6      | Noticed Edmund
  5823 | D:6      | Killed Edmund
  5823 | D:6      | Reached skill level 6 in Evocations
  5925 | D:6      | Noticed Grinder
  5932 | D:6      | Killed Grinder
  6005 | D:6      | Reached skill level 7 in Evocations
  6031 | D:6      | Found an iron altar of Okawaru.
  6047 | D:6      | Became a worshipper of Warmaster Okawaru
  7381 | D:7      | Reached skill level 1 in Shields
  7433 | D:7      | Reached * piety under Okawaru
  7668 | D:7      | Found an iron altar of Okawaru.
  7791 | D:7      | Reached XP level 10. HP: 35/46 MP: 16/16
  7921 | D:7      | Learned a level 3 spell: Conjure Flame
  8248 | D:8      | Noticed a two-headed ogre
  8278 | D:8      | Killed a two-headed ogre
  8278 | D:8      | Reached ** piety under Okawaru
  8373 | D:8      | Noticed a two-headed ogre
  8378 | D:8      | Killed a two-headed ogre
  8379 | D:8      | Found Orghel's Book Emporium.
  8391 | D:8      | Noticed Shiggs's ghost (novice OgIE)
  8399 | D:8      | Killed Shiggs's ghost
  8399 | D:8      | Reached *** piety under Okawaru
  8399 | D:8      | Reached skill level 5 in Shields
  8556 | D:8      | Noticed Erica
  8566 | D:8      | Killed Erica
  9022 | D:8      | Reached **** piety under Okawaru
  9059 | D:8      | Received a gift from Okawaru
  9059 | D:8      | Reached XP level 11. HP: 35/54 MP: 17/17
  9355 | D:9      | Found a staircase to the Orcish Mines.
  9382 | D:9      | Reached skill level 5 in Fighting
 10072 | D:9      | Received a gift from Okawaru
 10527 | D:9      | Found an opulent altar of Gozag.
 10527 | D:9      | Found a radiant altar of Vehumet.
 10784 | D:9      | Found a shattered altar of Ashenzari.
 10784 | D:9      | Found a white marble altar of Elyvilon.
 10785 | D:9      | Found a blossoming altar of Fedhas.
 10787 | D:9      | Found a bloodstained altar of Trog.
 10969 | D:9      | Found a staircase to the Lair.
 11304 | Orc:1    | Entered Level 1 of the Orcish Mines
 11510 | Orc:1    | Noticed an orc high priest
 11540 | Orc:1    | Killed an orc high priest
 11540 | Orc:1    | Reached skill level 8 in Evocations
 12237 | Orc:2    | Entered Level 2 of the Orcish Mines
 12249 | Orc:2    | Reached ***** piety under Okawaru
 12802 | Orc:2    | Reached skill level 1 in Invocations
 12811 | Orc:2    | Noticed an orc sorcerer
 12817 | Orc:2    | Noticed an orc high priest
 12822 | Orc:2    | Killed an orc sorcerer
 12831 | Orc:2    | Killed an orc high priest
 12831 | Orc:2    | Reached skill level 9 in Evocations
 13506 | Orc:2    | Found Kys Vuud's General Store.
 13509 | Orc:2    | Noticed an orc knight
 13510 | Orc:2    | Found Plog's General Store.
 13512 | Orc:2    | Received a gift from Okawaru
 13520 | Orc:2    | Killed an orc knight
 13529 | Orc:2    | Noticed a sixfirhy
 13690 | Orc:2    | Received a gift from Okawaru
 13738 | Orc:2    | Killed a sixfirhy
 14013 | Orc:2    | Bought a scroll of amnesia for 35 gold pieces
 14013 | Orc:2    | Bought a potion of agility for 40 gold pieces
 14036 | Orc:2    | Reached XP level 12. HP: 61/63 MP: 19/19
 14123 | Orc:2    | Found a staircase to the Elven Halls.
 14308 | Orc:2    | Noticed an orc high priest
 14483 | Orc:2    | Killed an orc high priest
 14483 | Orc:2    | Received a gift from Okawaru
 14483 | Orc:2    | Reached skill level 5 in Invocations
 14484 | Orc:2    | HP: 2/64 [orc warrior/flail (18)]
 14832 | Orc:1    | Found a roughly hewn altar of Beogh.
 14909 | Orc:1    | Noticed a stone giant
 14927 | Orc:1    | Killed a stone giant
 15463 | Orc:2    | Noticed an orc high priest
 15697 | Orc:2    | Noticed an orc high priest
 15699 | Orc:2    | Noticed an orc high priest
 15769 | Orc:2    | Killed an orc high priest
 15769 | Orc:2    | Received a gift from Okawaru
 15783 | Orc:2    | Killed from afar by an orc sorcerer

Vault maps used:
D:1:      dpeg_arrival_rhombus, minivault_25, minmay_strange_pillars
D:2:      st_stairs_11, kennysheep_doodads, uniq_crazy_yiuf_cottage, uniq_robin
D:3:      wad_lake_hut, grunt_qazlal_sundering
D:4:      minmay_temple_entry_junction_2, first_ration
D:5:      old_standard_altar, nicolae_ru_awakened_eye, uniq_prince_ribbit1,
          uniq_blork_the_orc, uniq_pikel
D:6:      basic_altar, uniq_edmund, uniq_grinder
D:7:      okawaru_metal_pillars_1_2
D:8:      serial_glass, glass_columns_c, glass_columns_b, serial_shops,
          nicolae_shop_trees, grunt_livestock, uniq_erica
D:9:      grunt_temple_overflow_open, gammafunk_temple_overflow_wave,
          zombieorc2_lemuel, grunt_tough_drop
Temple:   cyrus_circular_temple
Orc:1:    basic_altar
Orc:2:    pf_orc_diabolical, mines_bat_river

Skill      XL: |  1  2  3  4  5  6  7  8  9 10 11 12 |
---------------+-------------------------------------+-----
Short Blades   | 4 5 6 8 |  8.0
Stealth        | 1 3 4 5 6 8 |  8.0
Dodging        | 5 6 7 8 |  8.0
Evocations     | 1 2 4 5 7 9 |  9.0
Throwing       | 3 4 5 8 |  8.0
Shields        | 2 6 7 |  7.2
Fighting       | 2 4 7 8 |  8.0
Invocations    | 4 7 |  7.3

Action                   |  1- 3 |  4- 6 |  7- 9 | 10-12 || total
-------------------------+-------+-------+-------+-------++-------
Melee: Rapier            |    53 |       |       |       ||    53
       Short sword       |    74 |   158 |   443 |       ||   675
       Dagger            |       |       |    38 |  1276 ||  1314
Evoke: Wand              |       |     7 |     7 |    24 ||    38
  Use: Scroll            |     6 |       |    15 |       ||    21
       Potion            |       |       |     4 |     1 ||     5
 Stab: Sleeping          |     3 |     8 |    13 |    14 ||    38
       Paralysed         |       |     5 |     3 |    13 ||    21
       Distracted        |       |     1 |       |     2 ||     3
       Confused          |       |       |       |     2 ||     2
  Eat: Ration            |       |     1 |     2 |     7 ||    10
Armor: Robe              |     6 |     8 |    22 |    72 ||   108
Dodge: Dodged            |   116 |    99 |   310 |   690 ||  1215
Block: Other             |       |     7 |    10 |       ||    17
       Buckler           |       |       |    10 |   339 ||   349

Table legend:
 A = Spawn XP
 B = Non-spawn XP
 C = Spawn XP percentage of total XP
 D = Spawn monster count
 E = Non-spawn monster count
 F = Spawn count percentage of total count
 G = Total turns spent on level
                    A         B        C        D         E        F      G
               +---------+---------+-------+---------+---------+-------+---------
         Total |       0 |   27429 |   0.0 |       0 |     419 |   0.0 | 15783
               +---------+---------+-------+---------+---------+-------+---------
           D:1 |       0 |      30 |   0.0 |       0 |      16 |   0.0 |  1250
           D:2 |       0 |     123 |   0.0 |       0 |      34 |   0.0 |  1246
           D:3 |       0 |     372 |   0.0 |       0 |      38 |   0.0 |  1334
           D:4 |       0 |     574 |   0.0 |       0 |      29 |   0.0 |   955
           D:5 |       0 |    1781 |   0.0 |       0 |      22 |   0.0 |  1010
           D:6 |       0 |    1680 |   0.0 |       0 |      35 |   0.0 |  1383
           D:7 |       0 |    1279 |   0.0 |       0 |      27 |   0.0 |   906
           D:8 |       0 |    5283 |   0.0 |       0 |      26 |   0.0 |  1635
           D:9 |       0 |    2815 |   0.0 |       0 |      70 |   0.0 |  1755
         Orc:1 |       0 |    4077 |   0.0 |       0 |      47 |   0.0 |  1422
         Orc:2 |       0 |    9415 |   0.0 |       0 |      75 |   0.0 |  2822
               +---------+---------+-------+---------+---------+-------+---------
